 Dungeon Crawl Stone Soup version 0.31-a0-848-gaac375c287 (webtiles) character file.

Game seed: 17461888666583745818

2985 Maratek the Destroyer (level 9, -13/45 HPs)
             Began as a Deep Elf Conjurer on Oct 4, 2023.
             Was a Believer of Sif Muna.
             Mangled by a death yak (26 damage)
             ... on level 8 of the Dungeon.
             The game lasted 00:22:39 (9540 turns).

Maratek the Destroyer (Deep Elf Conjurer)           Turns: 9540, Time: 00:22:41

Health: -13/45     AC:  6    Str:  8    XL:     9   Next: 53%
Magic:  11/24      EV: 14    Int: 30    God:    Sif Muna [**....]
Gold:   62         SH:  5    Dex: 17    Spells: 15/26 levels left

rFire   . . .        g - staff of air
rCold   . . .        (no shield)
rNeg    + . .        w - +2 robe of Pisyaxt {Int+2}
rPois   .            (no helmet)
rElec   +            (no cloak)
rCorr   .            o - +0 pair of gloves
SInv    .            s - +0 pair of boots
Will    +....        B - amulet of reflection
Stlth   +++          u - ring of positive energy
HPRegen 0.27/turn    y - ring of Gasys {Will+ Str+4 Dex+4}
MPRegen 0.19/turn

%: reflection
@: no status effects
A: no striking features
a: Renounce Religion, Channel Magic


You were on level 8 of the Dungeon.
You worshipped Sif Muna.
Sif Muna was pleased with you.
You visited 1 branch of the dungeon, and saw 9 of its levels.

You collected 390 gold pieces.
You spent 328 gold pieces at shops.

Inventory:

Missiles
 A - 2 throwing nets
Armour
 o - a +0 pair of gloves (worn)
 s - a +0 pair of boots (worn)
 w - the +2 robe of Pisyaxt (worn) {Int+2}
   (You bought it in a shop on level 7 of the Dungeon)

   Int+2:     It affects your intelligence (+2).
Magical Staves
 g - a staff of air (weapon)
Jewellery
 u - a ring of positive energy (left hand)
 y - the ring of Gasys (right hand) {Will+ Str+4 Dex+4}
   (You found it on level 8 of the Dungeon)

   [ring of willpower]

   Str+4:     It affects your strength (+4).
   Dex+4:     It affects your dexterity (+4).
   Will+:     It increases your willpower.
 B - an amulet of reflection (around neck)
Wands
 j - a wand of roots (8)
 q - a wand of polymorph (10)
 x - a wand of digging (2)
Scrolls
 d - 3 scrolls of fear
 e - a scroll of revelation
 k - 3 scrolls of blinking
 p - 6 scrolls of teleportation
Potions
 c - 5 potions of curing
 h - a potion of cancellation
 i - 4 potions of enlightenment
 l - 3 potions of lignification {unknown}
 m - 2 potions of haste {unknown}
 n - a potion of resistance {unknown}
 r - 2 potions of heal wounds {unknown}
 t - 2 potions of degeneration {unknown}
 v - a potion of berserk rage {unknown}
 z - a potion of magic


   Skills:
 + Level 4.6 Dodging
 + Level 5.9 Stealth
 + Level 9.3 Spellcasting
 + Level 9.3 Conjurations
 + Level 3.5 Hexes
 + Level 1.4 Translocations
 * Level 4.3 Invocations
 * Level 4.4 Evocations


You had 15 spell levels left.
You knew the following spells:

 Your Spells              Type           Power      Damage    Failure   Level
a - Magic Dart            Conj           100%       1d8       1%          1
b - Searing Ray           Conj           100%       2d8       1%          2
c - Fulminant Prism       Conj/Hex       25%        3d14      2%          4
d - Iskenderun's Mystic   Conj/Tloc      46%        2d10      4%          4

Your spell library contained the following spells:

 Spells                   Type           Power      Damage    Failure   Level
 Jinxbite                 Hex            70%        N/A       1%          2
 Momentum Strike          Conj/Tloc      92%        3d10      1%          2
 Dazzling Flash           Conj/Hex       100%       N/A       1%          3
 Apportation              Tloc           44%        N/A       2%          1
 Blink                    Tloc           44%        N/A       3%          2
 Lesser Beckoning         Tloc           44%        N/A       3%          2
 Frozen Ramparts          Ice            26%        1d4       12%         3
 Petrify                  Tmut/Erth      13%        N/A       36%         4
 Metabolic Englaciation   Hex/Ice        12%        N/A       45%         5
 Alistair's Intoxication  Tmut/Pois      8%         N/A       71%         5


Dungeon Overview and Level Annotations

Branches:
Dungeon (9/15)             Temple (0/1) D:5            Lair (0/5) D:9
    Orc: D:9-12

Altars:
Cheibriados
Fedhas
Kikubaaqudgha
Makhleb
Nemelex Xobeh
Ru
Sif Muna
Trog
Xom
Yredelemnul
Zin
The Shining One

Shops:
D:5 (   D:7 [

Annotations:
D:7 1 runed translucent door, Crazy Yiuf


Message History

Confirm with . or Enter, or press ? or * to list all spells.
Aiming: Magic Dart (safe; 1% risk of failure)
Press: ? - help, Shift-Dir - straight line, f - death yak
Aim: a death yak (100% to hit)
The magic dart hits the death yak but does no damage.
The death yak gores you!
* * * LOW HITPOINT WARNING * * *
Casting: Magic Dart (safe; 1% risk of failure)
Confirm with . or Enter, or press ? or * to list all spells.
Aiming: Magic Dart (safe; 1% risk of failure)
Press: ? - help, Shift-Dir - straight line, f/p - death yak
Aim: a death yak (100% to hit)
Okay, then.
Casting: Magic Dart (safe; 1% risk of failure)
Confirm with . or Enter, or press ? or * to list all spells.
You erupt in a blast of force!
The mystic blast hits the death yak!
The death yak is moderately wounded.
The death yak is knocked back by the mystic blast.
The death yak slams into the rock wall!
The death yak is moderately wounded.
Casting: Iskenderun's Mystic Blast (dangerous; 4% risk of failure)
Confirm with . or Enter, or press ? or * to list all spells.
Aiming: Magic Dart (safe; 1% risk of failure)
Press: ? - help, Shift-Dir - straight line, f/p - death yak
Aim: a death yak (moderately wounded, 100% to hit)
The magic dart hits the death yak.
The death yak is moderately wounded.
Casting: Magic Dart (safe; 1% risk of failure)
Confirm with . or Enter, or press ? or * to list all spells.
Aiming: Magic Dart (safe; 1% risk of failure)
Press: ? - help, Shift-Dir - straight line, f/p - death yak
Aim: a death yak (moderately wounded, 100% to hit)
Okay, then.
Casting: Magic Dart (safe; 1% risk of failure)
Confirm with . or Enter, or press ? or * to list all spells.
You erupt in a blast of force!
The mystic blast hits the death yak.
The death yak is heavily wounded.
The death yak gores you!!
Ouch! That really hurt!
You die...

...####.##### #.....#
...####..# #.....#
...#...#.## #.....#
####...#..# #.....# #
#...##.# #.....# #
#...##.#######..#### #
#...##.........##
####...#########Y.#
#..'...'........@#####
#.##...###...........#
..##...###...........#
.....................#
.....................#
........^..###########
#####......# #.....?#
#......#


You could see a death yak.

Vanquished Creatures
  Sigmund (D:3)
  Eustachio (D:5)
  2 water moccasins (D:7)
  An ice beast (D:6)
  2 black bears
  2 ogres
  2 centaurs
  2 phantoms
  3 kobold brigands
  3 bullfrogs
  4 scorpions
  4 killer bees
  A howler monkey (D:5)
  3 hounds
  An orc priest (D:5)
  5 jellies
  2 sleepcaps
  2 gnoll boudas
  3 orc wizards
  5 iguanas
  Robin (D:4)
  6 gnolls
  4 adders
  5 white imps
  3 ufetubi
  3 worms
  A dart slug (D:5)
  27 orcs
  2 bats
  6 endoplasms (D:1)
  3 giant cockroaches
  22 goblins
  5 hobgoblins
  3 jackals (D:4)
  2 quokkas
  5 ball pythons
  4 frilled lizards
  15 kobolds
  4 rats (D:1)
  A spectral orc (D:5)
  4 fulminant prisms
175 creatures vanquished.

Vanquished Creatures (others)
  21 fulminant prisms
21 creatures vanquished.

Grand Total: 196 creatures vanquished

Notes
Turn   | Place    | Note
-------+----------+-------------------------------------------
     0 | D:1      | Maratek the Deep Elf Conjurer began the quest for the Orb.
     0 | D:1      | Reached XP level 1. HP: 10/10 MP: 6/6
   247 | D:1      | Reached XP level 2. HP: 15/15 MP: 5/8
   324 | D:1      | Learned a level 2 spell: Searing Ray
   474 | D:1      | Reached skill level 5 in Conjurations
  1164 | D:2      | Reached XP level 3. HP: 19/19 MP: 6/10
  2178 | D:3      | Noticed Sigmund
  2183 | D:3      | Killed Sigmund
  2184 | D:3      | Reached skill level 5 in Spellcasting
  2184 | D:3      | Reached XP level 4. HP: 24/24 MP: 5/13
  2184 | D:3      | Reached XP level 5. HP: 28/28 MP: 5/14
  2319 | D:3      | Found a glowing golden altar of the Shining One.
  3161 | D:4      | Found a shimmering blue altar of Sif Muna.
  3176 | D:4      | Became a worshipper of Sif Muna the Loreminder
  3180 | D:4      | Learned a level 2 spell: Momentum Strike
  3203 | D:4      | Reached XP level 6. HP: 32/32 MP: 10/16
  3908 | D:4      | Noticed Robin
  3922 | D:4      | Killed Robin
  4130 | D:5      | Entered Level 5 of the Dungeon
  4144 | D:5      | Found a basalt altar of Yredelemnul.
  4155 | D:5      | Reached * piety under Sif Muna
  4156 | D:5      | Reached XP level 7. HP: 36/36 MP: 12/18
  4365 | D:5      | Reached skill level 1 in Invocations
  4365 | D:5      | Reached skill level 1 in Evocations
  4404 | D:5      | Found Jiopn's Weapon Emporium.
  4433 | D:5      | Noticed Eustachio
  4442 | D:5      | Killed Eustachio
  4561 | D:5      | Found a staircase to the Ecumenical Temple.
  4671 | D:5      | Found a glowing silver altar of Zin.
  4692 | D:5      | Reached XP level 8. HP: 41/41 MP: 14/20
  4854 | D:5      | Reached skill level 5 in Stealth
  4860 | D:5      | Reached skill level 1 in Translocations
  5171 | D:5      | Found a burning altar of Makhleb.
  5171 | D:5      | Found a blossoming altar of Fedhas.
  5172 | D:5      | Found a snail-covered altar of Cheibriados.
  5273 | D:5      | Found a sparkling altar of Nemelex Xobeh.
  5817 | D:6      | Reached ** piety under Sif Muna
  6084 | D:6      | Learned a level 4 spell: Fulminant Prism
  6483 | D:6      | Reached skill level 1 in Hexes
  6668 | D:6      | Found a shimmering altar of Xom.
  6668 | D:6      | Found a shimmering altar of Xom.
  6725 | D:6      | Reached XP level 9. HP: 36/45 MP: 12/23
  7593 | D:7      | Found a sacrificial altar of Ru.
  7702 | D:7      | Found an ancient bone altar of Kikubaaqudgha.
  7741 | D:7      | Found a bloodstained altar of Trog.
  7828 | D:7      | Found Nufruj's Armour Shoppe.
  7836 | D:7      | Bought the +2 robe of Pisyaxt {Int+2} for 328 gold pieces
  7854 | D:7      | Learned a level 4 spell: Iskenderun's Mystic Blast
  8200 | D:7      | Found a runed translucent door.
  8201 | D:7      | Noticed Crazy Yiuf
  8603 | D:8      | Identified the ring of Gasys {Will+ Str+4 Dex+4}
  9229 | D:9      | Noticed a death yak
  9229 | D:9      | Noticed a death yak
  9229 | D:9      | Noticed a death yak
  9229 | D:9      | Noticed a death yak
  9229 | D:9      | Found a staircase to the Lair.
  9230 | D:9      | Noticed a death yak
  9231 | D:9      | Noticed a death yak
  9231 | D:9      | Noticed a death yak
  9231 | D:9      | Noticed a death yak
  9491 | D:9      | Noticed a troll
  9540 | D:8      | Mangled by a death yak

Illustrated notes

Levels and vault maps discovered:
D:1:      onia_arrival_handbag, layout_loops_ring
D:2:      layout_basic
D:3:      layout_basic, mainiacjoe_overflow_alcove_4, uniq_sigmund
D:4:      kennysheep_goblin_castle, layout_rooms,
          mainiacjoe_overflow_six_doors_small
D:5:      layout_basic, yredelemnul_forgotten_temple_becter, zin_academy,
          nemelex_xobeh_ov_fountains_minmay, gammafunk_temple_overflow_claw,
          minmay_temple_entry_waves, serial_shops,
          nicolae_shop_bloodbath_and_beyond, minmay_misc_feat_enclosed,
          uniq_eustachio
D:6:      minmay_razor_zed, layout_basic, xom_redecorated, serial_aquarium,
          aquarium_bridge_square [aquarium_subvault_bridge,
          aquarium_subvault_bridge, aquarium_subvault_bridge,
          aquarium_subvault_window], aquarium_window_fake, aquarium_window_fake,
          aquarium_view_2f
D:7:      layout_basic, nicolae_ru_path_of_blood, mainiacjoe_overflow_two_lobes,
          serial_shops, shop, kennysheep_generic_room_11,
          uniq_crazy_yiuf_cottage, uniq_jeremiah
D:8:      layout_basic
D:9:      layout_cave_pools, dpeg_lair_monsters

Skill      XL: |  1  2  3  4  5  6  7  8  9 |
---------------+----------------------------+-----
Conjurations   | 5 6 7 8 9 |  9.3
Stealth        | 3 4 5 |  5.9
Spellcasting   | 5 6 7 8 9 |  9.3
Dodging        | 3 4 |  4.6
Invocations    | 2 3 4 |  4.3
Evocations     | 2 3 4 |  4.4
Translocations | 1 |  1.4
Hexes          | 1 3 |  3.5

Action                     |  1- 3 |  4- 6 |  7- 9 || total
---------------------------+-------+-------+-------++-------
   Cast: Magic Dart        |    21 |     6 |    21 ||    48
         Searing Ray       |    23 |    32 |    54 ||   109
         Momentum Strike   |       |     4 |     1 ||     5
         Fulminant Prism   |       |       |    28 ||    28
         Iskenderun's Myst |       |       |     6 ||     6
    Use: Scroll            |       |     9 |     6 ||    15
         Potion            |       |       |     1 ||     1
 Armour: Robe              |     5 |    21 |    56 ||    82
  Dodge: Dodged            |    11 |    12 |    55 ||    78
  Block: Other             |       |       |     3 ||     3
         Reflection        |       |       |     2 ||     2

Table legend: (Time is in decaauts)
 A = Elapsed time spent in this place.
 B = Non-inter-level travel time spent in this place.
 C = Inter-level travel time spent in this place.
 D = Time resting spent in this place.
 E = Time spent auto-exploring this place.
 F = Levels seen in this place.
 G = Mean time per level.
                   A        B        C        D        E       F      G
               +--------+--------+--------+--------+--------+-----+--------+
         Total |   9548 |   9041 |    507 |    754 |   7330 |   9 | 1060.9 |
       Dungeon |   9548 |   9041 |    507 |    754 |   7330 |   9 | 1060.9 |
               +--------+--------+--------+--------+--------+-----+--------+

Top non-repeatable levels by time:
     D:6: 1727 daAuts
     D:5: 1384 daAuts
     D:7: 1319 daAuts
     D:4: 1238 daAuts
     D:3: 1055 daAuts
     D:1: 963 daAuts
     D:8: 952 daAuts
     D:2: 870 daAuts
     D:9: 36 daAuts
